 Dungeon Crawl Stone Soup version 0.29.1 (webtiles) character file.

Game seed: 6067104953692431491

369 Icepheonix32 the Caller (level 6, 0/41 HPs)
             Began as a Merfolk Summoner on Sept 13, 2022.
             Succumbed to Crazy Yiuf's poison
             ... on level 2 of the Dungeon.
             The game lasted 00:08:16 (5374 turns).

Icepheonix32 the Caller (Merfolk Summoner)          Turns: 5374, Time: 00:08:17

Health: 0/41       AC:  2    Str:  8    XL:     6   Next: 70%
Magic:  2/9        EV: 12    Int: 17    God:
Gold:   100        SH:  0    Dex: 14    Spells: 3/9 levels left

rFire   . . .      SeeInvis .   t - +0 trident
rCold   . . .      Faith    .   (no shield)
rNeg    . . .      Spirit   .   a - +0 robe
rPois   .          Reflect  .   (no helmet)
rElec   .          Harm     .   (no cloak)
rCorr   .          Rampage  .   (no gloves)
Will    .....                   (no boots)
Stlth   ++........              (no amulet)
HPRegen 0.13/turn               (no ring)
MPRegen 0.11/turn               (no ring)

@: mighty, lethally poisoned (0 -> -16)
A: (nimble swimmer 2), mertail
a: no special abilities


You were on level 2 of the Dungeon.
You visited 1 branch of the dungeon, and saw 4 of its levels.

You collected 232 gold pieces.
You spent 132 gold pieces at shops.

Inventory:

Hand Weapons
 c - a +0 short sword
 f - a +1 short sword of venom
 l - a +0 arbalest
 t - a +0 trident (weapon)
 v - a +0 flail
Missiles
 d - 3 boomerangs
 j - 9 poisoned darts
 y - a curare-tipped dart
Armour
 a - a +0 robe (worn)
 e - a +0 leather armour
 A - a +0 kite shield
Scrolls
 g - 2 scrolls of enchant weapon {unknown}
 h - 2 scrolls of blinking {unknown}
 k - a scroll of summoning {unknown}
 m - 3 scrolls of identify {unknown}
 q - a scroll of magic mapping {unknown}
 s - a scroll of silence {unknown}
 u - a scroll of immolation {unknown}
 x - a scroll of noise {unknown}
Potions
 b - a potion of magic
 i - a potion of lignification {unknown}
 n - a potion of mutation {unknown}
 p - a potion of flight
 w - a potion of cancellation {unknown}
 z - a potion of brilliance {unknown}
 B - a potion of ambrosia {unknown}


   Skills:
 - Level 2.6 Dodging
 - Level 2.1 Stealth
 - Level 2.0 Spellcasting
 + Level 7.8 Summonings


You had 3 spell levels left.
You knew the following spells:

 Your Spells              Type           Power      Damage    Failure   Level
a - Summon Small Mammal   Summ           100%       N/A       1%          1
b - Call Imp              Summ           28%        N/A       1%          2
c - Call Canine Familiar  Summ           28%        N/A       2%          3

Your spell library contained the following spells:

 Spells                   Type           Power      Damage    Failure   Level
 Summon Guardian Golem    Hex/Summ       15%        N/A       12%         3
 Freeze                   Ice            4%         1d3       19%         1
 Slow                     Hex            4%         N/A       19%         1
 Sting                    Tmut/Pois      4%         1d3       19%         1
 Poisonous Vapours        Pois/Air       2%         N/A       28%         2
 Confusing Touch          Hex            1%         N/A       50%         3
 Frozen Ramparts          Ice            2%         1d1       50%         3
 Portal Projectile        Hex/Tloc       2%         N/A       50%         3
 Tukima's Dance           Hex            1%         N/A       50%         3
 Vampiric Draining        Necr           1%         2d6       50%         3
 Summon Lightning Spire   Summ/Air       15%        N/A       36%         4
 Summon Forest            Summ/Tloc      7%         N/A       71%         5
 Hailstorm                Conj/Ice       1%         3d3       88%         4
 Olgreb's Toxic Radiance  Pois           1%         N/A       88%         4
 Blade Hands              Tmut           0%         N/A       99%         5
 Eringya's Noxious Bog    Tmut/Pois      0%         N/A       100%        6
 Summon Hydra             Summ           14%        N/A       100%        7


Dungeon Overview and Level Annotations

Branches:
Dungeon (4/15)
 Temple: D:4-7

Altars:
Qazlal
Ru
Trog
Zin

Shops:
D:2 !   D:3 (

Annotations:
D:2 Crazy Yiuf
D:4 3 runed translucent doors, Icepheonix32's ghost, amateur MfTm


Innate Abilities, Weirdness & Mutations

((You are very nimble when in or above water. (Stealth+, EV+, Speed+++)))
Your lower body shifts to a powerful aquatic tail in water.


Message History

Unknown command.
Reach: t) +0 trident
Press: ? - help, Dir - move target, f/p - Crazy Yiuf
Aim: Crazy Yiuf, wielding a +4 quarterstaff of chaos and wearing a +1 cloak (heavily wounded, about 40% to evade your +0 trident)
You reach to attack!
You barely miss Crazy Yiuf.
Crazy Yiuf is heavily wounded.
Crazy Yiuf cries, "Peeping!
Papa ladder Hive."
Casting: Call Canine Familiar (dangerous; 2% risk of failure)
Confirm with . or Enter, or press ? or * to list all spells.
You don't have enough magic to cast this spell.
Crazy Yiuf laughs, "Cake forty-two bag!"
Casting: Call Canine Familiar (dangerous; 2% risk of failure)
Confirm with . or Enter, or press ? or * to list all spells.
Okay, then.
Casting: Call Canine Familiar (dangerous; 2% risk of failure)
Confirm with . or Enter, or press ? or * to list all spells.
You don't have enough magic to cast this spell.
Unknown command.
You hit Crazy Yiuf but do no damage.
Crazy Yiuf is heavily wounded.
Crazy Yiuf hits you with a +4 quarterstaff of chaos!
Crazy Yiuf burns you.
Crazy Yiuf hits you with a +4 quarterstaff of chaos.
You are poisoned.
It was a potion of might.
You feel very mighty all of a sudden.
You feel sick.
Crazy Yiuf hits you with a +4 quarterstaff of chaos!
Unknown command.
You closely miss Crazy Yiuf.
Crazy Yiuf is heavily wounded.
You feel very sick.
Crazy Yiuf hits you with a +4 quarterstaff of chaos!
* * * LOW HITPOINT WARNING * * *
You are more poisoned.
Unknown command.
Okay, then.
You barely miss Crazy Yiuf.
Crazy Yiuf is heavily wounded.
You die...

###.##.#####.##### #.###.###..##
###.##.#####.# ###.)#..†.#...#
#............# #...#.#.....#..
#.#.##.####..# #..##.##.##.###
#.#.##.# #..# #.............#
#.#.##.# #..######.#.###..####.#
#!#.##.# #...........# #..# #..
#.#.##.####..######...###..####..
#.#.##..........@g.............<.
#.#.#######..######.#.###........
#>#.# #........###...........
#.#.## #.#######.#.###..#.##g#
#....######......###.## #..#.##.#
#............###.# #.# #........
##...######..###.###.# #.##.###.
###.## #..##...##.# #.##.# #.
....# #...<......# #.##.# ##


You could see Crazy Yiuf.

Vanquished Creatures
  An orc priest (D:4)
  3 adders
  An ufetubus (D:4)
  A dart slug (D:1)
  4 orcs
  10 bats
  2 endoplasms
  5 giant cockroaches
  7 goblins
  5 hobgoblins
  A jackal (D:3)
  2 quokkas
  8 ball pythons
  6 frilled lizards
  2 kobolds
  4 rats
  A bush (D:2)
63 creatures vanquished.

Vanquished Creatures (collateral kills)
  Pargi (D:3)
  A vampire bat (D:4)
  An orc priest (D:3)
  An iguana (D:4)
  2 adders
  An ufetubus (D:4)
  A worm (D:2)
  6 orcs
  5 bats
  An endoplasm (D:4)
  A goblin (D:4)
  4 jackals (D:4)
  A kobold (D:1)
  A quokka (D:3)
  A ball python (D:1)
  2 frilled lizards
30 creatures vanquished.

Vanquished Creatures (others)
  A fungus (D:2)
1 creature vanquished.

Grand Total: 94 creatures vanquished

Notes
Turn   | Place    | Note
-------+----------+-------------------------------------------
     0 | D:1      | Icepheonix32 the Merfolk Summoner began the quest for the
                  | Orb.
     0 | D:1      | Reached XP level 1. HP: 13/13 MP: 3/3
   601 | D:1      | Reached XP level 2. HP: 19/19 MP: 1/5
   765 | D:1      | Learned a level 2 spell: Call Imp
  1169 | D:2      | Found a faded altar of an unknown god.
  1399 | D:2      | Reached XP level 3. HP: 12/24 MP: 1/6
  1544 | D:2      | Found a glowing silver altar of Zin.
  1557 | D:2      | Reached skill level 5 in Summonings
  1783 | D:2      | Found Fyimag Azeo's Distillery.
  1788 | D:2      | Bought a potion of degeneration for 11 gold pieces
  1788 | D:2      | Bought a potion of flight for 33 gold pieces
  1788 | D:2      | Bought a potion of heal wounds for 55 gold pieces
  1788 | D:2      | Bought a potion of curing for 33 gold pieces
  2100 | D:2      | Found a runed translucent door.
  2101 | D:2      | Noticed Crazy Yiuf
  2456 | D:3      | Learned a level 3 spell: Call Canine Familiar
  2538 | D:3      | Reached XP level 4. HP: 30/30 MP: 1/7
  2907 | D:3      | Reached skill level 6 in Summonings
  3155 | D:3      | Found Bialulou's Antique Weapon Shoppe.
  3278 | D:3      | Found a bloodstained altar of Trog.
  3282 | D:3      | Found a sacrificial altar of Ru.
  3286 | D:3      | Found a stormy altar of Qazlal.
  3329 | D:3      | Noticed Pargi
  3338 | D:3      | Killed Pargi
  3339 | D:3      | Reached XP level 5. HP: 25/35 MP: 3/8
  3720 | D:4      | Found a runed translucent gate.
  3720 | D:4      | Found a runed translucent gate.
  3720 | D:4      | Found a runed translucent gate.
  3838 | D:4      | Reached skill level 7 in Summonings
  3913 | D:4      | Reached XP level 6. HP: 37/41 MP: 5/9
  4196 | D:4      | HP: 2/41 [jackal (1)]
  4551 | D:4      | HP: 2/41 [vampire bat (1)]
  5236 | D:4      | Noticed Icepheonix32's ghost (amateur MfTm)
  5374 | D:2      | Succumbed to Crazy Yiuf's poison

Illustrated notes

Levels and vault maps discovered:
D:1:      dpeg_arrival_water_fire, layout_basic
D:2:      layout_loops_ring, basic_altar, serial_shops, shop,
          hellmonk_ecumenical_altar_heavens_door, minmay_tall_x,
          uniq_crazy_yiuf_cottage
D:3:      layout_rooms, grunt_temple_overflow_diamond, serial_shops, shop,
          serial_park_tiny_pond, amcnicky_mini_rare_corridor_liquid,
          st_stairs_4, minmay_misc_feat_encased, reono_crystal_passage,
          minivault_11, minivault_25, grunt_ministairs_11,
          minmay_misc_feat_tiny, chequers_jeans, minivault_27, uniq_pargi
D:4:      layout_cave_pods, gammafunk_ghost_icy, roderic_batcave

Skill      XL: |  1  2  3  4  5 |
---------------+----------------+-----
Summonings     | 5 6 7 |  7.8
Dodging        | |  2.6
Stealth        | |  2.1
Spellcasting   | |  2.0

Action                   |  1- 3 |  4- 6 || total
-------------------------+-------+-------++-------
Melee: Short sword       |   125 |       ||   125
       Unarmed           |     3 |       ||     3
       Punch             |     3 |     2 ||     5
       Trident           |       |   160 ||   160
Throw: Dart              |       |     2 ||     2
 Cast: Summon Small Mamm |    17 |     6 ||    23
       Call Imp          |    12 |     8 ||    20
       Call Canine Famil |     2 |    10 ||    12
  Use: Potion            |       |     3 ||     3
 Stab: Distracted        |     2 |     2 ||     4
       Sleeping          |     1 |     6 ||     7
Armor: Robe              |    24 |    85 ||   109
Dodge: Dodged            |    69 |   184 ||   253
